AoeStats
← TurboNugget

Oasis

509683221Analyzed
4v4 RM · 5d ago on Sep 27, 2026· 84m 49s· 8 players
Game mode
Random Map
Map size
Large (8 player)
Population
200
Speed
Normal
Resources
Standard
Victory
Conquest
Starting age
Dark Age
Ending age
Imperial Age
RankedLock teamsTeams togetherTeam positionsShared explorationLock speedFull tech treeHidden civsTurbo modeCheats
Victory
Defeat
🇹🇷 Huns · Türkiye
1071
+14
🇨🇱 Byzantines · Chile
1062
+15
🇩🇪 Bohemians · Germany
1054
+15
🇨🇱 Khmer · Chile
1038
+16
🇨🇭 Mongols · Switzerland
1119
-18
🇫🇮 Varangians · Finland
1077
-17
🇨🇭 Britons · Switzerland
1032
-15
🇩🇪 Ethiopians · Germany
904
-10
TurboNugget
12:51 Feudal Age
24:24 Castle Age
52:32 Imperial Age
50:29 Bloodlines
50:19 Husbandry
57:20 Pikeman
60:02 Elite Skirmisher
80:12 Imperial Age
82:24 Double-Bit Axe
84:10 Light Cavalry
85:33 Bow Saw
comebackfred
11:46 Feudal Age
16:03 Castle Age
14:51 Double-Bit Axe
14:53 Horse Collar
17:01 Bow Saw
16:54 Heavy Plow
16:43 Loom
25:53 Pikeman
29:06 Forging
35:02 Wagenburg Tactics
36:01 Wheelbarrow
38:15 Imperial Age
37:30 Chemistry
36:51 Ballistics
36:27 Fletching
38:42 Iron Casting
38:08 Padded Archer Armor
38:08 Scale Mail Armor
38:14 Scale Barding Armor
38:16 Caravan
40:34 Houfnice
41:20 Guard Tower
41:42 Fortified Wall
41:27 Murder Holes
42:41 Bodkin Arrow
43:02 Leather Archer Armor
43:47 Blast Furnace
43:03 Chain Mail Armor
43:08 Chain Barding Armor
44:30 Two-Man Saw
48:37 Squires
48:22 Arson
50:36 Halberdier
53:51 Plate Mail Armor
53:22 Bracer
55:41 Bombard Tower
56:02 Keep
62:38 Hussite Reforms
65:29 Hand Cart
64:59 Town Watch
65:30 Masonry
77:17 Town Patrol
LeFrosty
12:18 Feudal Age
16:55 Castle Age
15:20 Double-Bit Axe
15:18 Horse Collar
21:52 Bow Saw
22:27 Heavy Plow
23:11 Elite Skirmisher
27:04 Wheelbarrow
27:58 Padded Archer Armor
29:42 Thumb Ring
31:23 Leather Archer Armor
31:39 Ballistics
32:37 Fletching
33:00 Squires
33:39 Pikeman
37:16 Imperial Age
34:35 Loom
35:15 Hand Cart
35:46 Gold Mining
35:46 Stone Mining
36:11 Fortified Wall
38:31 Ring Archer Armor
37:57 Bodkin Arrow
38:04 Scale Mail Armor
38:09 Halberdier
39:15 Thumb Ring
40:37 Conscription
40:52 Bracer
41:08 Chain Mail Armor
41:05 Forging
42:21 Murder Holes
43:27 Chemistry
42:48 Crossbowman
44:03 Plate Mail Armor
44:08 Iron Casting
43:48 Greek Fire
45:30 Bombard Tower
45:01 Arrowslits
44:57 Treadmill Crane
46:26 Arbalester
47:41 Logistica
50:31 Guard Tower
51:23 Arson
51:25 Gambesons
51:00 Man-at-Arms
51:05 Elite Varangian Guard
51:46 Elite Cataphract
53:19 Hoardings
53:43 Long Swordsman
56:28 Two-Handed Swordsman
57:43 Scale Barding Armor
69:49 Champion
79:14 Keep
82:09 Two-Man Saw
81:43 Crop Rotation
85:56 Gold Shaft Mining
85:57 Stone Shaft Mining
ertk
8:43 Loom
10:59 Feudal Age
16:01 Castle Age
14:12 Horse Collar
14:20 Double-Bit Axe
16:03 Wheelbarrow
17:19 Bloodlines
18:30 Husbandry
25:20 Pikeman
26:01 Squires
28:01 Gold Mining
33:30 Imperial Age
31:40 Marauders
33:48 Scale Barding Armor
33:54 Forging
33:45 Scale Mail Armor
33:45 Elite Tarkan
35:24 Conscription
37:13 Caravan
38:18 Chain Barding Armor
38:34 Iron Casting
42:54 Plate Barding Armor
42:34 Chain Mail Armor
43:20 Blast Furnace
42:21 Padded Archer Armor
42:11 Fletching
46:29 Bow Saw
50:20 Leather Archer Armor
50:01 Bodkin Arrow
53:15 Halberdier
59:30 Thumb Ring
59:52 Parthian Tactics
58:47 Heavy Cavalry Archer
65:58 Cavalier
65:58 Light Cavalry
69:36 Ballistics
69:27 Masonry
69:36 Paladin
79:17 Hand Cart
78:48 Town Watch
79:08 Heavy Plow
pipermirage
0:47 Loom
12:10 Feudal Age
22:16 Castle Age
20:24 Horse Collar
20:41 Double-Bit Axe
21:59 Stone Mining
22:44 Gold Mining
27:00 Wheelbarrow
27:56 Bow Saw
32:45 Forging
32:35 Scale Mail Armor
32:57 Hand Cart
34:32 Ballistics
34:11 Murder Holes
34:23 Royal Heirs
35:48 Caravan
38:48 Imperial Age
36:48 Heavy Plow
37:48 Masonry
37:51 Fortified Wall
39:54 Conscription
38:55 Elite Shotel Warrior
47:37 Gold Shaft Mining
49:48 Onager
57:45 Chain Mail Armor
59:06 Plate Mail Armor
59:12 Iron Casting
63:15 Blast Furnace
71:39 Elite Skirmisher
72:24 Thumb Ring
75:10 Fletching
frickman
7:06 Loom
8:55 Feudal Age
9:31 Double-Bit Axe
9:44 Loom
15:21 Wheelbarrow
15:39 Forging
16:45 Horse Collar
21:22 Castle Age
19:56 Gold Mining
20:19 Scale Barding Armor
21:07 Bloodlines
24:07 Iron Casting
23:53 Chain Barding Armor
27:11 Gold Shaft Mining
26:42 Heavy Plow
26:57 Husbandry
27:47 Hand Cart
29:06 Stone Mining
35:51 Imperial Age
33:46 Fletching
36:09 Stone Shaft Mining
36:26 Masonry
36:37 Ballistics
36:15 Bodkin Arrow
37:44 Chemistry
36:50 Siege Engineers
37:51 Chemistry
36:55 Onager
37:55 Bracer
39:00 Blast Furnace
39:50 Bracer
41:15 Scale Mail Armor
42:10 Murder Holes
42:25 Fortified Wall
41:38 Pikeman
42:19 Squires
41:47 Light Cavalry
42:45 Chain Mail Armor
41:57 Heavy Camel Rider
42:19 Siege Onager
42:47 Hussar
43:51 Padded Archer Armor
44:22 Guard Tower
46:25 Capped Ram
47:32 Careening
48:02 Conscription
48:09 Drill
48:25 Hoardings
48:14 Leather Archer Armor
48:02 Siege Ram
55:38 Town Watch
58:48 Heavy Scorpion
58:59 Elite Mangudai
63:21 Elite Skirmisher
64:07 Thumb Ring
67:01 Parthian Tactics
67:35 Caravan
74:37 Plate Mail Armor
eieieili
8:09 Loom
11:14 Feudal Age
12:45 Double-Bit Axe
13:21 Padded Archer Armor
13:46 Fletching
23:01 Castle Age
23:08 Pikeman
23:48 Squires
23:49 Bodkin Arrow
24:10 Leather Archer Armor
26:26 Bow Saw
31:17 Crossbowman
32:17 Gold Mining
35:36 Imperial Age
33:39 Ballistics
35:07 Wheelbarrow
39:33 Gold Shaft Mining
38:49 Stone Mining
38:32 Arbalester
40:46 Chemistry
41:53 Bracer
42:23 Ring Archer Armor
44:54 Elite Skirmisher
45:11 Halberdier
78:03 Husbandry
83:48 Scale Barding Armor
Faceless
2:57 Loom
11:45 Feudal Age
11:50 Feudal Age
17:16 Castle Age
15:37 Double-Bit Axe
15:36 Horse Collar
17:31 Wheelbarrow
19:30 Heavy Plow
26:52 Fletching
27:49 Bodkin Arrow
28:49 Husbandry
29:00 Bloodlines
32:46 Scale Barding Armor
32:51 Forging
34:18 Hand Cart
34:33 Town Watch
34:44 Light Cavalry
35:46 Chain Barding Armor
36:01 Iron Casting
35:40 Scale Mail Armor
38:23 Imperial Age
37:45 Padded Archer Armor
39:08 Chain Mail Armor
38:39 Pikeman
39:19 Squires
39:46 Conscription
38:59 Cavalier
39:31 Halberdier
44:07 Plate Mail Armor
44:14 Plate Barding Armor
44:02 Gothikon
44:08 Vendel Legacy
47:29 Blast Furnace
46:44 Elite Varangian Guard
47:11 Gambesons
47:12 Arson
47:43 Gold Mining
47:44 Stone Mining
51:13 Hussar
59:55 Masonry
59:55 Fortified Wall
59:51 Siege Engineers
59:31 Treadmill Crane
60:50 Crop Rotation
68:18 Siege Engineers
69:14 Chemistry
68:56 Caravan
77:28 Architecture
Connection lost

Rejoining the realm…

Still unreachable

The connection could not be restored.

Session expired

The server has moved on; the page needs a fresh start.